 Dungeon Crawl Stone Soup version 0.26-a0-1205-g4083c211ab (webtiles) character file.

Game seed: 7677456874781155012

51 Goblin1989 the Sneak (level 3, 0/27 HPs)
             Began as a Demonspawn Brigand on Dec 30, 2020.
             Succumbed to an adder's poison
             ... on level 2 of the Dungeon.
             The game lasted 00:03:13 (1489 turns).

Goblin1989 the Sneak (Demonspawn Brigand)           Turns: 1489, Time: 00:03:14

Health: 0/27       AC:  3    Str: 11    XL:     3   Next: 58%
Magic:  1/3        EV: 11    Int: 12    God:
Gold:   70         SH:  0    Dex: 15    Spells: 2/2 levels left

rFire    + . .     SeeInvis .   a - +2 dagger
rCold    + . .     Faith    .   (no shield)
rNeg     . . .     Spirit   +   b - +0 robe
rPois    +         Reflect  .   (no helmet)
rElec    +         Harm     .   c - +0 cloak
rCorr    +         Rampage  .   i - +0 pair of gloves
Will     .....                  h - -2 pair of boots (curse)
Stlth    +++.......             (no amulet)
HPRegen  0.09/turn              (no ring)
MPRegen  0.08/turn              (no ring)

@: lethally poisoned (0 -> -4), resistant, flying, hasted, very quick
A: talons 1, magic shield
a: no special abilities


You were on level 2 of the Dungeon.
You visited 1 branch of the dungeon, and saw 2 of its levels.

You collected 70 gold pieces.

Inventory:

Hand Weapons
 a - a +2 dagger (weapon)
Missiles
 d - 8 poisoned darts (quivered)
 e - 2 curare-tipped darts
Armour
 b - a +0 robe (worn)
 c - a +0 cloak (worn)
 h - a cursed -2 pair of boots (worn)
 i - a +0 pair of gloves (worn)
Jewellery
 l - an uncursed amulet of faith {unknown}
Scrolls
 f - 2 scrolls of enchant armour {unknown}
 k - a scroll of teleportation {unknown}
 m - a scroll of noise {unknown}
Potions
 g - a potion of resistance {@q6}


   Skills:
 - Level 2.0 Fighting
 + Level 2.9 Short Blades
 - Level 1.7 Throwing
 - Level 0.8 Dodging
 + Level 4.4 Stealth


You had 2 spell levels left.
You didn't know any spells.
Your spell library was empty.

Dungeon Overview and Level Annotations

Branches:
Dungeon (2/15)

Altars:


Innate Abilities, Weirdness & Mutations

You have sharp toenails.
When hurt, damage is shared between your health and your magic reserves.


Message History

You hit the hobgoblin.
The hobgoblin is severely wounded.
The hobgoblin closely misses you.
You hit the hobgoblin but do no damage.
The hobgoblin is severely wounded.
The hobgoblin hits you but does no damage.
You hit the hobgoblin.
The hobgoblin is almost dead.
You completely miss the hobgoblin.
The hobgoblin is almost dead.
The hobgoblin hits you but does no damage.
You hit the hobgoblin.
You kill the hobgoblin!
You closely miss the adder. The adder bites you. The adder closely misses you.
You take 1 damage, and have 26/27 hp.
You now have 2/3 mp.
You closely miss the adder. The adder closely misses you.
You hit the adder.
The adder is lightly wounded.
The adder bites you.
You are poisoned.
The adder poisons you!
You take 1 damage, and have 25/27 hp.
You now have 1/3 mp.
You hit the adder.
The adder is heavily wounded.
You feel sick. The adder bites you.
You take 2 damage, and have 23/27 hp.
You now have 0/3 mp.
You closely miss the adder.
The adder is heavily wounded.
The adder barely misses you.
You hit the adder.
The adder is almost dead.
The adder closely misses you.
You hit the adder but do no damage.
The adder is almost dead.
You feel sick. The adder bites you. x2
You take 6 damage, and have 17/27 hp.
MASSIVE DAMAGE!!
You closely miss the adder.
The adder is severely wounded.
The adder barely misses you.
You barely miss the adder.
The adder is severely wounded.
The adder bites you.
You take 1 damage, and have 16/27 hp.
You are too injured to fight recklessly!
You are too injured to fight recklessly!
You are too injured to fight recklessly!
You are too injured to fight recklessly!
You are too injured to fight recklessly!
You are too injured to fight recklessly!
You are too injured to fight recklessly!
You are too injured to fight recklessly!
You are too injured to fight recklessly!
You hit the adder but do no damage.
The adder is severely wounded.
The adder bites you.
You are more poisoned.
The adder poisons you!
You take 3 damage, and have 13/27 hp.
You hit the adder but do no damage.
The adder is severely wounded.
You feel sick. The adder bites you.
* * * LOW HITPOINT WARNING * * *
You take 3 damage, and have 10/27 hp.
You hit the adder but do no damage.
The adder is severely wounded.
The adder misses you.
Unknown command.
You hit the adder.
The adder is almost dead.
The adder bites you.
* * * LOW HITPOINT WARNING * * *
You are lethally poisoned!
The adder poisons you! The adder bites you.
* * * LOW HITPOINT WARNING * * *
You take 5 damage, and have 6/27 hp.
It was a potion of resistance.
You feel protected.
* * * LOW HITPOINT WARNING * * *
You feel sick. The adder closely misses you.
You take 1 damage, and have 5/27 hp.
It was a potion of haste.
You feel yourself speed up.
* * * LOW HITPOINT WARNING * * *
You feel sick. The adder bites you but does no damage.
You take 1 damage, and have 4/27 hp.
It was a potion of flight.
You feel very buoyant.
You fly up into the air.
The adder bites you but does no damage.
You hit the adder.
You kill the adder!
* * * LOW HITPOINT WARNING * * *
You feel sick.
You take 1 damage, and have 3/27 hp.
Unknown command.
* * * LOW HITPOINT WARNING * * *
You feel sick.
You take 1 damage, and have 2/27 hp.
* * * LOW HITPOINT WARNING * * *
You feel sick.
Found 16 poisoned darts.
You take 1 damage, and have 1/27 hp.
You die...

█.██.█ █.█
█.██.██████
█.█
█.██......█
█.
█.██......██
█.██....(...
█.██......█
█.........█
████.██████
█.@.█ █.███
█. █. █. █.
█. █.


There were no monsters in sight!

Vanquished Creatures
  An adder (D:2)
  An ooze (D:1)
  3 dart slugs (D:1)
  A leopard gecko (D:2)
  A giant cockroach (D:1)
  3 goblins (D:1)
  4 hobgoblins
  4 kobolds (D:1)
  6 bats
  2 frilled lizards (D:1)
  5 rats
31 creatures vanquished.

Notes
Turn   | Place    | Note
-------+----------+-------------------------------------------
     0 | D:1      | Goblin1989 the Demonspawn Brigand began the quest for the
                  | Orb.
     0 | D:1      | Reached XP level 1. HP: 16/16 MP: 1/1
   434 | D:1      | Gained mutation: You have sharp toenails. [demonic
                  | ancestry]
   434 | D:1      | Reached XP level 2. HP: 22/22 MP: 2/2
   724 | D:1      | Reached skill level 4 in Stealth
  1102 | D:1      | Gained mutation: When hurt, damage is shared between your
                  | health and your magic reserves. [demonic ancestry]
  1102 | D:1      | Reached XP level 3. HP: 24/27 MP: 3/3
  1486 | D:2      | HP: 1/27 [poisoned by an adder]
  1489 | D:2      | Succumbed to an adder's poison

Illustrated notes

Levels and vault maps discovered:
D:1:      dpeg_arrival_subterranean_lakeside_camping, layout_rooms
D:2:      layout_loops_ring, lemuel_crystal_altar, uniq_terence, uniq_sigmund

Skill      XL: |  1  2 |
---------------+-------+-----
Short Blades   | 2 |  2.9
Stealth        | 4 |  4.4
Fighting       | |  2.0
Throwing       | |  1.7
Dodging        | |  0.8

Action                   || total
-------------------------++-------
Melee: Dagger            ||   116
Throw: Dart              ||     4
  Use: Potion            ||     3
 Stab: Sleeping          ||    10
Armor: Robe              ||    42
Dodge: Dodged            ||    84

Table legend: (Time is in decaauts)
 A = Elapsed time spent in this place.
 B = Non-inter-level travel time spent in this place.
 C = Inter-level travel time spent in this place.
 D = Time resting spent in this place.
 E = Time spent auto-exploring this place.
 F = Levels seen in this place.
 G = Mean time per level.
                   A        B        C        D        E       F      G
               +--------+--------+--------+--------+--------+-----+--------+
         Total |   1472 |   1442 |     30 |    499 |    656 |   2 |  736.0 |
       Dungeon |   1472 |   1442 |     30 |    499 |    656 |   2 |  736.0 |
               +--------+--------+--------+--------+--------+-----+--------+

Top non-repeatable levels by time:
     D:1: 1327 daAuts
     D:2: 144 daAuts
